 Dungeon Crawl Stone Soup version 0.28.0-43-g3370ac3207 (webtiles) character file.

Game seed: 13406192176283997636

62 croobank the Sneak (level 4, -5/27 HPs)
             Began as an Octopode Fire Elementalist on Mar 12, 2022.
             Killed from afar by an orc wizard (6 damage)
             ... with a puff of flame
             ... on level 2 of the Dungeon.
             The game lasted 00:04:08 (1364 turns).

croobank the Sneak (Octopode Fire Elementalist)     Turns: 1364, Time: 00:04:13

Health: -5/27      AC:  1    Str:  7    XL:     4   Next: 8%
Magic:  5/7        EV: 13    Int: 19    God:
Gold:   38         SH:  0    Dex: 12    Spells: 4/7 levels left

rFire   . . .      SeeInvis .   e - +0 rapier
rCold   . . .      Faith    .   (no shield)
rNeg    . . .      Spirit   .   (helmet restricted)
rPois   .          Reflect  .   (no amulet)
rElec   .          Harm     .   a - ring of willpower
rCorr   .          Rampage  .   (no ring)
Will    +....                   (no ring)
Stlth   +++.......              (no ring)
HPRegen 0.09/turn               (no ring)
MPRegen 0.10/turn               (no ring)
                                (no ring)
                                (no ring)

@: lethally poisoned (-5 -> -13)
A: almost no armour, amphibious, 8 rings, camouflage 1, gelatinous body 1,
(nimble swimmer 1), tentacles
a: no special abilities


You were on level 2 of the Dungeon.
You visited 1 branch of the dungeon, and saw 2 of its levels.

You collected 38 gold pieces.

Inventory:

Hand Weapons
 e - a +0 rapier (weapon)
Missiles
 b - 53 arrows
 d - 23 bolts
Magical Staves
 h - a staff of poison
Jewellery
 a - a ring of willpower (left tentacle)
 c - a +4 ring of protection
Scrolls
 g - a scroll of holy word


   Skills:
 + Level 2.5 Dodging
 + Level 3.5 Stealth
 + Level 2.4 Spellcasting
 + Level 1.8 Conjurations
 + Level 3.4 Fire Magic


You had 4 spell levels left.
You knew the following spells:

 Your Spells              Type           Power      Damage    Failure   Level
a - Foxfire               Conj/Fire      48%        2x1d6     5%          1
b - Scorch                Fire           30%        2d7       6%          2

Your spell library contained the following spells:

 Spells                   Type           Power      Damage    Failure   Level
 Conjure Flame            Conj/Fire      12%        6-21      17%         3
 Inner Flame              Hex/Fire       8%         N/A       24%         3
 Flame Wave               Conj/Fire      12%        2d6       50%         4


Dungeon Overview and Level Annotations

Branches:
Dungeon (2/15)

Altars:

Annotations:
D:2 1 runed translucent door, Crazy Yiuf, Robin


Innate Abilities, Weirdness & Mutations

You cannot wear most types of armour.
You are amphibious.
You can wear up to eight rings at the same time.
Your skin changes colour to match your surroundings (Stealth+).
Your rubbery body absorbs attacks. (AC +1, EV +1)
((You are camouflaged when in or above water. (Stealth+)))
You have tentacles for arms and can constrict up to eight enemies at once.


Message History

You barely miss the orc wizard. You grab the orc wizard.
You constrict the orc wizard, but do no damage.
The giant cockroach bites you. The orc wizard barely misses you.
The orc misses you. The giant cockroach closely misses you.
You hit the orc wizard.
The orc wizard is moderately wounded.
You constrict the orc wizard, but do no damage.
The orc wizard barely misses you. The giant cockroach misses you.
The orc closely misses you.
The goblin hits you with a +2 dagger of venom.
You are lethally poisoned!
You aren't carrying any potions.
As you read the scroll labelled DAOFEK SAGUEJOFI, it crumbles to dust.
It is a scroll of identify.
g - a scroll of holy word You constrict the orc wizard.
You feel very sick. The orc wizard barely misses you.
The giant cockroach closely misses you. The orc closely misses you.
The goblin barely misses you.
Casting: Foxfire (safe; 5% risk of failure)
Confirm with . or Enter, or press ? or * to list all spells.
Okay, then.
Casting: Foxfire (safe; 5% risk of failure)
Confirm with . or Enter, or press ? or * to list all spells.
You conjure some foxfire!
You constrict the orc wizard.
* * * LOW HITPOINT WARNING * * *
You feel sick. The giant cockroach bites you.
* * * LOW HITPOINT WARNING * * *
The orc wizard hits you with a +0 dagger.
* * * LOW HITPOINT WARNING * * *
The orc hits you but does no damage. The goblin misses you.
Your magical contamination has completely faded away.
Your foxfire dissipates!
You release your grip on the orc wizard.
* * * LOW HITPOINT WARNING * * *
You feel sick.
The foxfire hits the giant cockroach.
The giant cockroach is almost dead.
The orc wizard casts a spell at you. The puff of flame hits you.
You die...

### #.. #.##### # #.#...
..<
################@#g#.....
................B.o...#
################.#o#.....
....... #.#o.. ...
########### #.#...# #
#........ #.#.....
###.#######. #.#......
....>....... .........#
###....####.# ###...##.#


You could see an orc priest, an orc wizard, an orc and a giant cockroach.

Vanquished Creatures
  Jessica (D:2)
  A worm (D:2)
  3 ball pythons (D:1)
  An endoplasm (D:1)
  2 giant cockroaches (D:1)
  9 goblins
  2 hobgoblins (D:2)
  A kobold (D:1)
  4 bats
  3 frilled lizards (D:1)
  3 rats (D:1)
30 creatures vanquished.

Vanquished Creatures (others)
  46 foxfires
  5 toadstools (D:1)
51 creatures vanquished.

Grand Total: 81 creatures vanquished

Notes
Turn   | Place    | Note
-------+----------+-------------------------------------------
     0 | D:1      | croobank the Octopode Fire Elementalist began the quest for
                  | the Orb.
     0 | D:1      | Reached XP level 1. HP: 11/11 MP: 3/3
   113 | D:1      | Reached XP level 2. HP: 12/17 MP: 1/5
   116 | D:1      | Learned a level 2 spell: Scorch
   909 | D:2      | Reached XP level 3. HP: 21/21 MP: 4/6
   946 | D:2      | Found a runed translucent door.
   947 | D:2      | Noticed Crazy Yiuf
   970 | D:2      | Noticed Jessica
   973 | D:2      | Killed Jessica
   993 | D:2      | Noticed Robin
  1031 | D:2      | Reached XP level 4. HP: 12/27 MP: 2/7
  1364 | D:2      | HP: 1/27 [poisoned by a goblin]
  1364 | D:2      | Killed from afar by an orc wizard

Illustrated notes

Levels and vault maps discovered:
D:1:      ldierk_walled_garden, layout_basic
D:2:      layout_basic, uniq_crazy_yiuf_cottage, uniq_jessica, uniq_robin

Skill      XL: |  1  2 |
---------------+-------+-----
Stealth        | 3 |  3.5
Dodging        | |  2.5
Spellcasting   | |  2.4
Conjurations   | |  1.8
Fire Magic     | |  3.4

Action                   |  1- 3 |  4- 6 || total
-------------------------+-------+-------++-------
Melee: Unarmed           |     9 |       ||     9
       Tentacles         |     4 |     1 ||     5
       Constrict         |     3 |     2 ||     5
       Rapier            |     6 |     5 ||    11
 Cast: Foxfire           |    27 |     2 ||    29
       Scorch            |     5 |     1 ||     6
  Use: Scroll            |       |     1 ||     1
 Stab: Sleeping          |     1 |       ||     1
Armor: Skin              |     1 |     3 ||     4
Dodge: Dodged            |    10 |    15 ||    25
